 Dungeon Sprint DCSS version 0.22-a0-32-ga749362 (webtiles) character file.

531 Faca the Protected (level 7, 30/72 HPs)
             Began as a Deep Dwarf Fighter on Jan 3, 2018.
             Was a Follower of Makhleb.
             Starved to death
             ... while paralysed
             ... in the Dungeon (Sprint IX: "|||||||||||||||||||||||||||||").
             The game lasted 00:02:44 (298 turns).

Faca the Protected (Deep Dwarf Fighter)              Turns: 298, Time: 00:02:44

Health: 30/72      AC: 11    Str: 20    XL:     7   Next: 3%
Magic:  7/7        EV:  2    Int: 15    God:    Makhleb [*.....]
Gold:   0          SH:  0    Dex: 13    Spells: 6/6 levels left

rFire    . . .     SeeInvis .   p - +1 broad axe (freeze)
rCold    . . .     Gourm    .   c - +0 shield
rNeg     . . .     Faith    .   s - +1 scale mail
rPois    .         Spirit   .   (no helmet)
rElec    .         Reflect  .   (no cloak)
rCorr    .         Harm     .   a - +0 pair of gloves
MR       +....     NoTele   +   (no boots)
Stlth    ..........             (no amulet)
HPRegen  0.00/turn              t - +3 ring of intelligence
MPRegen  0.10/turn              r - +3 ring of intelligence

@: paralysed, fainting, non-regenerating
A: damage resistance, heal wounds, sense surroundings 1, no regeneration
a: Heal Wounds, Renounce Religion


You were in the Dungeon.
You worshipped Makhleb.
Makhleb was aware of your devotion.
You were fainting.

You visited 1 branch

Inventory:

Hand Weapons
 p - a +1 broad axe of freezing (weapon)
 q - a +2 morningstar of crushing
Armour
 a - a +0 pair of gloves (worn)
 c - a +0 shield (worn)
 s - a +1 scale mail (worn)
Jewellery
 r - a +3 ring of intelligence (right hand)
 t - a +3 ring of intelligence (left hand)
Wands
 o - a wand of iceblast (10)
Scrolls
 k - 2 scrolls of blinking
 m - 3 scrolls of remove curse
 n - 2 scrolls of amnesia
Potions
 d - a potion of might
 e - a potion of invisibility
 g - 2 potions of heal wounds
 h - a potion of haste
 i - 4 potions of magic
 j - a potion of berserk rage
 l - 4 potions of curing


   Skills:
 + Level 7.2 Fighting
 + Level 7.7 Axes
 + Level 9.9 Armour
 + Level 2.1 Dodging
 + Level 8.5 Shields


You had 6 spell levels left.
You didn't know any spells.

Dungeon Overview and Level Annotations

Branches:
Dungeon (1/1)

Altars:
Cheibriados
Dithmenos
Elyvilon
Fedhas
Gozag
Hepliaklqana
Kikubaaqudgha
Makhleb
Nemelex Xobeh
Okawaru
Qazlal
Ru
Sif Muna
Trog
Uskayaw
Vehumet
Wu Jian
Xom
Yredelemnul
Zin
The Shining One
Beogh
Jiyva
Lugonu


Innate Abilities, Weirdness & Mutations

You are resistant to damage.
You can heal yourself by infusing magical energy.
You passively map a small area around you.
You do not regenerate.


Message History

You destroy the hungry ghost!
Makhleb accepts your kill.
Your Dodging skill increases to level 2!
You have reached level 7!
You block the wyvern's attack.
You hit the wyvern. You freeze the wyvern.
The wyvern is lightly wounded.
You block the wyvern's attack. The wyvern barely misses you.
You slash the wyvern! You freeze the wyvern.
The wyvern is heavily wounded.
You block the wyvern's attack. x2
You slash the wyvern! You freeze the wyvern.
The wyvern is almost dead.
The wyvern closely misses you. x2
Your shield prevents you from hitting the wyvern.
The wyvern is almost dead.
You lose consciousness!
The wyvern bites you! The wyvern bites you.
You have starved to death.
You die...

*
▓+▓,
*
▓.▓
*
▓.▓
*
▓.▓
*
▓.▓
+
▓l▓
*
▓@▓
*
▓)▓,
,
▓(▓,
▓.▓
,
▓.▓
*
▓[▓
*
▓.▓
*
▓(▓
* ,*
▓|▓
*,


You could see a wyvern.

Vanquished Creatures
  A hungry ghost (D)
  2 ogres (D)
  A centaur (D)
  A scorpion (D)
  A howler monkey (D)
  A crimson imp (D)
  A worker ant (D)
  An adder (D)
  A bat (D)
  A giant cockroach (D)
  A jackal (D)
  2 kobolds (D)
  A goblin (D)
15 creatures vanquished.

Notes
Turn   | Place    | Note
-------+----------+-------------------------------------------
     0 | D        | Faca the Deep Dwarf Fighter began the quest for the Orb.
     0 | D        | Reached XP level 1. HP: 20/20 MP: 1/1
   119 | D        | Noticed a howler monkey
   119 | D        | Noticed an ogre
   119 | D        | Noticed a worker ant
   123 | D        | Killed a worker ant
   123 | D        | Reached skill level 4 in Armour
   123 | D        | Reached XP level 2. HP: 27/30 MP: 2/2
   130 | D        | Killed an ogre
   130 | D        | Reached skill level 5 in Fighting
   130 | D        | Reached skill level 6 in Armour
   130 | D        | Reached skill level 5 in Shields
   130 | D        | Reached XP level 3. HP: 23/39 MP: 3/3
   130 | D        | Reached XP level 4. HP: 27/46 MP: 4/4
   142 | D        | Reached skill level 7 in Armour
   142 | D        | Reached XP level 5. HP: 25/55 MP: 5/5
   163 | D        | Found a roughly hewn altar of Beogh.
   163 | D        | Found a snail-covered altar of Cheibriados.
   163 | D        | Found a shadowy altar of Dithmenos.
   163 | D        | Found a white marble altar of Elyvilon.
   163 | D        | Found a blossoming altar of Fedhas.
   163 | D        | Found an opulent altar of Gozag.
   164 | D        | Found a hazy altar of Hepliaklqana.
   165 | D        | Found a viscous altar of Jiyva.
   166 | D        | Found an ancient bone altar of Kikubaaqudgha.
   167 | D        | Found a corrupted altar of Lugonu.
   168 | D        | Found a burning altar of Makhleb.
   173 | D        | Found a sparkling altar of Nemelex Xobeh.
   174 | D        | Found an iron altar of Okawaru.
   175 | D        | Found a stormy altar of Qazlal.
   176 | D        | Found a sacrificial altar of Ru.
   177 | D        | Found a deep blue altar of Sif Muna.
   178 | D        | Found a bloodstained altar of Trog.
   179 | D        | Found a hide-covered altar of Uskayaw.
   180 | D        | Became a worshipper of Makhleb the Destroyer
   181 | D        | Found a radiant altar of Vehumet.
   182 | D        | Found an ornate altar of the Wu Jian Council.
   183 | D        | Found a shimmering altar of Xom.
   184 | D        | Found a basalt altar of Yredelemnul.
   185 | D        | Found a glowing silver altar of Zin.
   186 | D        | Found a glowing golden altar of the Shining One.
   236 | D        | Noticed a wyvern
   236 | D        | Noticed a hungry ghost
   236 | D        | Noticed a centaur
   236 | D        | Noticed an ogre
   240 | D        | Killed an ogre
   240 | D        | Reached skill level 5 in Axes
   240 | D        | Reached skill level 8 in Armour
   240 | D        | Reached skill level 1 in Dodging
   247 | D        | Killed a centaur
   247 | D        | Reached skill level 9 in Armour
   247 | D        | Reached XP level 6. HP: 38/63 MP: 6/6
   255 | D        | Reached * piety under Makhleb
   293 | D        | Killed a hungry ghost
   293 | D        | Reached XP level 7. HP: 42/72 MP: 7/7
   297 | D        | Paralysed by fainting for 11 turns
   298 | D        | Starved to death

Vault maps used:
D:        linesprint

Skill      XL: |  1  2  3  4  5  6 |
---------------+-------------------+-----
Fighting       | 4 5 6 7 |  7.2
Axes           | 3 4 6 7 |  7.7
Armour         | 4 6 7 9 |  9.9
Shields        | 4 5 6 7 8 |  8.5
Dodging        | 1 2 |  2.1

Action                   |  1- 3 |  4- 6 |  7- 9 || total
-------------------------+-------+-------+-------++-------
Melee: War axe           |    20 |    26 |       ||    46
       Broad axe         |       |    53 |     4 ||    57
  Use: Potion            |       |     2 |       ||     2
  Eat: Ration            |       |     1 |       ||     1
Armor: Scale mail        |     5 |    29 |       ||    34
Dodge: Dodged            |     6 |    20 |     3 ||    29
Block: Shield            |     7 |    42 |     4 ||    53

Table legend:
 A = Spawn XP
 B = Non-spawn XP
 C = Spawn XP percentage of total XP
 D = Spawn monster count
 E = Non-spawn monster count
 F = Spawn count percentage of total count
 G = Total turns spent on level
                    A         B        C        D         E        F      G
               +---------+---------+-------+---------+---------+-------+---------
         Total |       0 |     759 |   0.0 |       0 |      15 |   0.0 |   298
               +---------+---------+-------+---------+---------+-------+---------
             D |       0 |     759 |   0.0 |       0 |      15 |   0.0 |   298
               +---------+---------+-------+---------+---------+-------+---------
